AoeStats
← Borges

Arabia

510187974Analyzed
1v1 RM · 2d ago on Sep 29, 2026· 52m 51s· 2 players
Game mode
Random Map
Map size
Tiny (2 player)
Population
200
Speed
Normal
Resources
Standard
Victory
Conquest
Starting age
Dark Age
Ending age
Imperial Age
RankedLock teamsTeams togetherTeam positionsShared explorationLock speedFull tech treeHidden civsTurbo modeCheats
Victory
Defeat
🇬🇧 Saxons · United Kingdom
1004
+15
🇨🇱 Poles · Chile
979
-15
Borges
10:22 Feudal Age
13:40 Double-Bit Axe
14:18 Bloodlines
22:37 Castle Age
20:42 Gold Mining
21:02 Scale Barding Armor
23:55 Chain Barding Armor
23:48 Forging
25:17 Bow Saw
25:12 Town Watch
30:53 Town Patrol
31:29 Wheelbarrow
31:12 Husbandry
31:48 Stone Mining
35:29 Scale Mail Armor
36:05 Iron Casting
38:13 Fletching
39:08 Horse Collar
40:10 Bodkin Arrow
41:08 Chain Mail Armor
43:57 Imperial Age
43:01 Light Cavalry
44:31 Szlachta Privileges
44:22 Cavalier
46:39 Blast Furnace
46:48 Capped Ram
49:17 Siege Ram
50:35 Plate Mail Armor
49:50 Man-at-Arms
50:31 Squires
51:00 Long Swordsman
TheQuietRiot
10:03 Feudal Age
9:33 Loom
10:45 Double-Bit Axe
14:11 Forging
20:11 Castle Age
21:55 Horse Collar
23:33 Bow Saw
26:17 Pikeman
33:08 Squires
38:29 Gambesons
39:10 Heavy Plow
41:01 Iron Casting
40:27 Scale Mail Armor
44:24 Imperial Age
44:21 Wheelbarrow
43:52 Gold Mining
43:57 Stone Mining
45:48 Chain Mail Armor
46:33 Hand Cart
46:38 Halberdier
49:58 Two-Man Saw
49:39 Shield Wall
50:47 Conscription
49:52 Elite Hearth Troop
52:24 Chemistry
51:30 Siege Engineers
51:08 Treadmill Crane
51:44 Masonry
Connection lost

Rejoining the realm…

Still unreachable

The connection could not be restored.

Session expired

The server has moved on; the page needs a fresh start.